 Dungeon Crawl Stone Soup version 0.24.1-8-ga250c9d538 (webtiles) character file.

Game seed: 8262067230554591378, levelgen mode: deterministic

487 Peloso the Shield-Bearer (level 7, 0/59 HPs)
             Began as a Gnoll Fighter on May 5, 2020.
             Slain by a mummy (12 damage)
             ... in an ossuary.
             The game lasted 00:07:24 (2410 turns).

Peloso the Shield-Bearer (Gnoll Fighter)            Turns: 2410, Time: 00:07:25

Health: 0/59       AC: 14    Str: 26    XL:     7   Next: 13%
Magic:  10/10      EV:  7    Int: 11    God:
Gold:   60         SH: 11    Dex: 14    Spells: 10/10 levels left

rFire    . . .     SeeInvis .   a - +0 scimitar (flame)
rCold    . . .     Gourm    .   c - +0 shield
rNeg     + . .     Faith    .   e - +0 plate armour
rPois    .         Spirit   .   (no helmet)
rElec    .         Reflect  .   (no cloak)
rCorr    .         Harm     .   l - +0 pair of gloves
MR       .....                  (no boots)
Stlth    ..........             (no amulet)
HPRegen  0.19/turn              g - +6 ring of strength
MPRegen  0.12/turn              s - ring of positive energy

@: no status effects
A: distributed training, fangs 1, strong nose
a: no special abilities


You were in an ossuary.
You were not hungry.

You visited 1 branch of the dungeon, and saw 4 of its levels.
You also visited: Ossuary.

You collected 152 gold pieces.
You spent 92 gold pieces at shops.

Inventory:

Hand Weapons
 a - a +0 scimitar of flaming (weapon)
Armour
 b - a +0 scale mail
 c - a +0 shield (worn)
 e - a +0 plate armour (worn)
 l - a +0 pair of gloves (worn)
Jewellery
 g - a +6 ring of strength (left hand)
 s - a ring of positive energy (right hand)
Wands
 r - a wand of clouds (6)
Scrolls
 h - 3 scrolls of remove curse
 q - a scroll of fog
Potions
 d - a potion of might
 i - a potion of flight
 j - a potion of brilliance
 k - a potion of agility
 m - 2 potions of invisibility
 n - 2 potions of haste
 t - a potion of curing {unknown}
 u - a potion of lignification {unknown}
Comestibles
 f - 3 rations


   Skills:
 + Level 6.9 Fighting
 + Level 2.2 Short Blades
 + Level 5.1 Long Blades
 + Level 2.2 Axes
 + Level 2.2 Maces & Flails
 + Level 2.2 Polearms
 + Level 2.2 Staves
 + Level 2.2 Slings
 + Level 2.2 Bows
 + Level 2.2 Crossbows
 + Level 2.2 Throwing
 + Level 6.9 Armour
 + Level 2.2 Dodging
 + Level 2.2 Stealth
 + Level 6.9 Shields
 + Level 2.2 Unarmed Combat
 + Level 2.2 Spellcasting
 + Level 1.8 Conjurations
 + Level 1.8 Hexes
 + Level 1.8 Charms
 + Level 1.8 Summonings
 + Level 1.8 Necromancy
 + Level 1.8 Translocations
 + Level 1.8 Transmutations
 + Level 1.8 Fire Magic
 + Level 1.8 Ice Magic
 + Level 1.8 Air Magic
 + Level 1.8 Earth Magic
 + Level 1.8 Poison Magic
 + Level 2.5 Invocations
 + Level 2.2 Evocations


You had 10 spell levels left.
You didn't know any spells.
Your spell library was empty.

Dungeon Overview and Level Annotations

Branches:
Dungeon (4/15)             Temple (0/1) D:4         Ossuary (1/1)

Altars:
Ru

Shops:
D:4 (


Innate Abilities, Weirdness & Mutations

Your experience applies equally to all skills.
You have very sharp teeth.
Your uncanny sense of smell can sniff out nearby items.


Message History

You destroy the gnoll zombie!
You hit the gnoll skeleton. You burn the gnoll skeleton.
The gnoll skeleton is heavily damaged.
You block the gnoll skeleton's attack.
Your plate armour prevents you from hitting the gnoll skeleton.
You bite the gnoll skeleton.
The gnoll skeleton is almost destroyed.
The gnoll skeleton hits you.
* * * LOW HITPOINT WARNING * * *
You slash the gnoll skeleton! You burn the gnoll skeleton.
You destroy the gnoll skeleton!
The sentinel's mark upon you fades away.
Evoke which item? (* to show all) (? for menu, Esc to quit)
Okay, then.
You hit the mummy but do no damage.
The mummy is almost destroyed.
You closely miss the mummy.
The mummy is almost destroyed.
The mummy hits you!
You die...

##^.##M.## ∆∆##^.##..##..##
#..##.Z##∆ ∆∆ ∆##.Z##..##..##
..##Z.## ∆ ##..##..##..## .##..##
∆ ##^.##..##..## ##..## ∆
##..##..##..## #..######
##..##..##..## ....Z...^.
##..##..##..#
#######################..##..##..
.^..........^...@M........##..##.
#############################..##
..............^................^#
#################################


You could see a mummy.

Vanquished Creatures
  Menkaure (Ossuary)
  A scorpion (D:3)
  A hound (D:2)
  An orc wizard (D:4)
  A worker ant (D:4)
  3 mummies
  5 adders
  An ooze (D:3)
  An adder skeleton (D:4)
  5 worms
  3 dart slugs
  2 leopard geckos
  7 orcs
  2 giant cockroaches (D:1)
  8 goblins
  9 hobgoblins
  9 jackals
  A quokka (D:4)
  5 bats
  4 frilled lizards
  6 gnoll skeletons (Ossuary)
  2 gnoll zombies (Ossuary)
  2 goblin skeletons (Ossuary)
  5 goblin zombies (Ossuary)
  5 hobgoblin skeletons (Ossuary)
  3 hobgoblin zombies (Ossuary)
  A jackal skeleton (D:4)
  11 kobolds
  5 kobold skeletons (Ossuary)
  3 kobold zombies (Ossuary)
  3 orc skeletons (Ossuary)
  6 orc zombies (Ossuary)
  5 rats
  4 rat skeletons (Ossuary)
  6 rat zombies (Ossuary)
137 creatures vanquished.

Notes
Turn   | Place    | Note
-------+----------+-------------------------------------------
     0 | D:1      | Peloso the Gnoll Fighter began the quest for the Orb.
     0 | D:1      | Reached XP level 1. HP: 23/23 MP: 1/1
    52 | D:1      | Reached XP level 2. HP: 24/29 MP: 2/2
   218 | D:1      | Reached XP level 3. HP: 34/35 MP: 3/3
   681 | D:2      | Reached skill level 1 in Invocations
   784 | D:2      | Reached skill level 1 in Short Blades
   784 | D:2      | Reached skill level 1 in Axes
   784 | D:2      | Reached skill level 1 in Maces & Flails
   784 | D:2      | Reached skill level 1 in Polearms
   784 | D:2      | Reached skill level 1 in Staves
   784 | D:2      | Reached skill level 1 in Slings
   784 | D:2      | Reached skill level 1 in Bows
   784 | D:2      | Reached skill level 1 in Crossbows
   784 | D:2      | Reached skill level 1 in Throwing
   784 | D:2      | Reached skill level 1 in Dodging
   784 | D:2      | Reached skill level 1 in Stealth
   784 | D:2      | Reached skill level 1 in Unarmed Combat
   784 | D:2      | Reached skill level 1 in Spellcasting
   784 | D:2      | Reached skill level 1 in Evocations
   784 | D:2      | Reached XP level 4. HP: 34/41 MP: 5/5
   888 | D:2      | Reached skill level 1 in Conjurations
   888 | D:2      | Reached skill level 1 in Hexes
   888 | D:2      | Reached skill level 1 in Charms
   888 | D:2      | Reached skill level 1 in Summonings
   888 | D:2      | Reached skill level 1 in Necromancy
   888 | D:2      | Reached skill level 1 in Translocations
   888 | D:2      | Reached skill level 1 in Transmutations
   888 | D:2      | Reached skill level 1 in Fire Magic
   888 | D:2      | Reached skill level 1 in Ice Magic
   888 | D:2      | Reached skill level 1 in Air Magic
   888 | D:2      | Reached skill level 1 in Earth Magic
   888 | D:2      | Reached skill level 1 in Poison Magic
  1066 | D:2      | Reached XP level 5. HP: 46/47 MP: 6/6
  1575 | D:3      | Found a sacrificial altar of Ru.
  1897 | D:4      | Found Ynysumi's Weapon Shop.
  1907 | D:4      | Reached XP level 6. HP: 53/53 MP: 8/8
  1913 | D:4      | Found a staircase to the Ecumenical Temple.
  1918 | D:4      | Bought a +0 scimitar of flaming for 92 gold pieces
  2066 | D:4      | Found a sand-covered staircase.
  2074 | Ossuary  | Entered an ossuary
  2081 | Ossuary  | Reached skill level 5 in Long Blades
  2338 | Ossuary  | Noticed Menkaure
  2349 | Ossuary  | Killed Menkaure
  2349 | Ossuary  | Reached XP level 7. HP: 11/59 MP: 10/10
  2410 | Ossuary  | Slain by a mummy

Levels and vault maps discovered:
D:1:      scummos_arrival_star, layout_basic, st_stairs_10, minmay_tromino_v4_c
D:2:      layout_basic
D:3:      layout_loops_ring, overflow_temple_1_default
D:4:      layout_rooms, temple_statues, nicolae_ossuary_entry_giza,
          serial_shops, shop, portal_sewer_entry_d, kennysheep_boxes
Ossuary:  ossuary_due_pyramid

Skill      XL: |  1  2  3  4  5  6 |
---------------+-------------------+-----
Invocations    | 1 2 |  2.5
Short Blades   | 1 2 |  2.2
Axes           | 1 2 |  2.2
Maces & Flails | 1 2 |  2.2
Polearms       | 1 2 |  2.2
Staves         | 1 2 |  2.2
Slings         | 1 2 |  2.2
Bows           | 1 2 |  2.2
Crossbows      | 1 2 |  2.2
Throwing       | 1 2 |  2.2
Dodging        | 1 2 |  2.2
Stealth        | 1 2 |  2.2
Unarmed Combat | 1 2 |  2.2
Spellcasting   | 1 2 |  2.2
Evocations     | 1 2 |  2.2
Conjurations   | 1 |  1.8
Hexes          | 1 |  1.8
Charms         | 1 |  1.8
Summonings     | 1 |  1.8
Necromancy     | 1 |  1.8
Translocations | 1 |  1.8
Transmutations | 1 |  1.8
Fire Magic     | 1 |  1.8
Ice Magic      | 1 |  1.8
Air Magic      | 1 |  1.8
Earth Magic    | 1 |  1.8
Poison Magic   | 1 |  1.8
Long Blades    | 5 |  5.1
Fighting       | |  6.9
Armour         | |  6.9
Shields        | |  6.9

Action                   |  1- 3 |  4- 6 |  7- 9 || total
-------------------------+-------+-------+-------++-------
Melee: Long sword        |    89 |   109 |       ||   198
       Bite              |     9 |    31 |     1 ||    41
       Scimitar          |       |   117 |    13 ||   130
  Use: Scroll            |       |     8 |       ||     8
       Potion            |       |     4 |       ||     4
  Eat: Chunk             |       |     3 |       ||     3
       Ration            |       |     1 |       ||     1
Armor: Scale mail        |    47 |    14 |       ||    61
       Plate armour      |       |    88 |     3 ||    91
Dodge: Dodged            |    34 |    60 |     2 ||    96
Block: Shield            |    72 |   156 |     3 ||   231
       Rpst.: Long sword |    11 |     8 |       ||    19
       Scimitar          |       |    14 |     1 ||    15
